 Dungeon Crawl Stone Soup version 0.27.1-33-g824d729ab1 (webtiles) character file.

Game seed: 12280437787636486349

42 Sharkman1231 the Skirmisher (level 3, -1/30 HPs)
             Began as a Demonspawn Wanderer on Dec 26, 2021.
             Shot with a stone by a goblin (3 damage)
             ... on level 2 of the Dungeon.
             The game lasted 00:00:58 (1117 turns).

Sharkman1231 the Skirmisher (Demonspawn Wanderer)   Turns: 1117, Time: 00:00:58

Health: -1/30      AC:  3    Str: 12    XL:     3   Next: 35%
Magic:  4/4        EV: 11    Int: 14    God:
Gold:   30         SH:  0    Dex: 12    Spells: 4/4 levels left

rFire    + . .     SeeInvis .   b - +2 dagger (venom)
rCold    . . .     Faith    .   (no shield)
rNeg     . . .     Spirit   .   c - +0 robe
rPois    .         Reflect  .   (no helmet)
rElec    .         Harm     .   h - +0 cloak
rCorr    .         Rampage  .   (no gloves)
Will     .....                  (no boots)
Stlth    ++........             (no amulet)
HPRegen  0.10/turn              i - ring of protection from fire
MPRegen  0.09/turn              (no ring)

@: no status effects
A: powered by death 1
a: no special abilities


You were on level 2 of the Dungeon.
You visited 1 branch of the dungeon, and saw 2 of its levels.

You collected 30 gold pieces.

Inventory:

Hand Weapons
 a - a +2 spear
 b - a +2 dagger of venom (weapon)
 d - a +0 dagger
 l - a +0 quarterstaff
Armour
 c - a +0 robe (worn)
 h - a +0 cloak (worn)
Jewellery
 i - a ring of protection from fire (left hand)
Scrolls
 e - a scroll of identify {unknown}
 j - a scroll of teleportation {unknown}
 k - a scroll of enchant armour {unknown}
Potions
 f - a potion of lignification {unknown}
 g - a potion of flight {unknown}


   Skills:
 + Level 4.1 Fighting
 * Level 0.0 Short Blades
 * Level 1.3 Polearms
 - Level 1.0 Throwing
 - Level 1.0 Dodging
 - Level 1.7 Stealth
 - Level 1.0 Spellcasting
 - Level 2.0 Conjurations


You had 4 spell levels left.
You didn't know any spells.
Your spell library contained the following spells:

 Spells                   Type           Power      Damage    Failure   Level
 Corpse Rot               Necr/Air       N/A        N/A       36%         2
 Poisonous Vapours        Pois/Air       0%         N/A       36%         2


Dungeon Overview and Level Annotations

Branches:
Dungeon (2/15)

Altars:

Annotations:
D:2 Terence


Innate Abilities, Weirdness & Mutations

You regenerate a little health from kills.


Message History

A goblin is nearby!
The goblin shouts!
The goblin unwields a +0 club.
The goblin wields a +0 hunting sling.
The goblin shoots a stone.
The stone hits you.
Terence the Incautious comes into view.
He is wielding a +0 hand axe.
The goblin shoots a stone.
The stone hits you.
The goblin shoots a stone.
The stone hits you.
Terence shouts, "DIE!!!"
Terence barely misses you.
You hit Terence but do no damage.
Terence is poisoned.
The goblin shoots a stone.
The stone hits you. Terence hits you with a +0 hand axe.
You closely miss Terence.
The goblin shoots a stone.
The stone hits you. Terence barely misses you.
You are too injured to fight recklessly!
You are too injured to fight recklessly!
You are too injured to fight recklessly!
You are too injured to fight recklessly!
You are too injured to fight recklessly!
You are too injured to fight recklessly!
You are too injured to fight recklessly!
You are too injured to fight recklessly!
You are too injured to fight recklessly!
You are too injured to fight recklessly!
Unknown command.
You hit Terence.
Terence looks as sick as possible!
Terence is moderately wounded.
The goblin shoots a stone.
The stone hits you. Terence barely misses you.
You hit Terence but do no damage.
Terence looks as sick as possible!
Terence is heavily wounded.
The goblin shoots a stone.
The stone barely misses you. Terence hits you with a +0 hand axe.
* * * LOW HITPOINT WARNING * * *
You hit Terence but do no damage.
Terence looks as sick as possible!
Terence is heavily wounded.
The goblin shoots a stone.
The stone hits you.
* * * LOW HITPOINT WARNING * * *
Terence barely misses you.
The goblin shoots a stone.
The stone hits you.
You die...

.......# #..##..)....#
......## #..####.#.#.###
##...## #..# #.#.....#
##<## #..####.##...##
#.######..#.......#..#
###....>.........##...##
...#######.g.....###.##
#### #..[....###.#
#......@....#
####.#.###### ..#@##
##.#.# # #.. .. #. #. #.


You could see Terence (extremely poisoned) and a goblin.

Vanquished Creatures
  2 dart slugs (D:1)
  2 endoplasms (D:1)
  A giant cockroach (D:1)
  5 goblins
  2 hobgoblins (D:1)
  4 jackals (D:1)
  2 quokkas (D:1)
  5 ball pythons (D:1)
  2 bats (D:1)
  3 frilled lizards (D:1)
  7 kobolds
  A rat (D:1)
36 creatures vanquished.

Notes
Turn   | Place    | Note
-------+----------+-------------------------------------------
     0 | D:1      | Sharkman1231 the Demonspawn Wanderer began the quest for
                  | the Orb.
     0 | D:1      | Sharkman1231 set off with the following items: a +2 spear,
                  | a +0 quarterstaff, a +0 robe, a +0 dagger; and the
                  | following spells available to memorise: Corpse Rot,
                  | Poisonous Vapours
     0 | D:1      | Reached XP level 1. HP: 18/18 MP: 2/2
   183 | D:1      | Gained mutation: You regenerate a little health from kills.
                  | [demonic ancestry]
   183 | D:1      | Reached XP level 2. HP: 17/24 MP: 3/3
   571 | D:1      | Reached skill level 4 in Fighting
   726 | D:1      | Reached XP level 3. HP: 25/30 MP: 4/4
   778 | D:1      | Reached skill level 1 in Polearms
   891 | D:1      | Found a faded altar of an unknown god.
   900 | D:1      | Found a faded altar of an unknown god.
  1109 | D:2      | Noticed Terence
  1117 | D:2      | Shot with a stone by a goblin

Illustrated notes

Levels and vault maps discovered:
D:1:      dpeg_arrival_ternary, layout_rooms,
          hellmonk_ecumenical_altar_the_god_not_taken, minmay_unequal
D:2:      kennysheep_six_static_rooms, layout_loops_ring,
          roderic_serpentine_path, chequers_serial_rivers_room_a, uniq_terence,
          uniq_crazy_yiuf_cottage

Skill      XL: |  1  2  3 |
---------------+----------+-----
Fighting       | 4 |  4.1
Polearms       | 1 |  1.3
Throwing       | |  1.0
Dodging        | |  1.0
Stealth        | |  1.7
Spellcasting   | |  1.0
Conjurations   | |  2.0

Action                   || total
-------------------------++-------
Melee: Spear             ||   115
       Dagger            ||     8
 Stab: Sleeping          ||     2
Armor: Robe              ||    22
Dodge: Dodged            ||    66
